Map: Romanticide LE

Players

HellraiseR - Winner!

  • Race: Protoss Protoss
  • League: Master
  • Spawn Location: 11:00

LiquidMaNa (MaNa)

  • Race: Protoss Protoss
  • League: Grandmaster
  • Spawn Location: 5:00

Event: DreamHack SC2 Masters 2020 Winter

VOD

Have the link to the VOD?

Description

Time

  • Played on: Oct. 22, 2020, 2:26 p.m.
  • Length: 23:40

All games in this series

Show
View Real Time Build Order
Export as new Build Order

HellraiseR Protoss - Winner!

Build Orders: Blink Stalkers 

Get SALT Encoding   

  12  0:00  Probe  
  13  0:12  Probe  
  14  0:17  Pylon  
  14  0:24  Probe (Chrono Boost)  
  16  0:37  Gateway, Probe (Chrono Boost)  
  16  0:43  Probe (Chrono Boost)  
  16  0:46  Assimilator  
  17  0:51  Probe  
  17  0:55  Assimilator  
  18  1:03  Probe (Chrono Boost)  
  19  1:12  Gateway  
  19  1:14  Probe (Chrono Boost)  
  20  1:19  Probe (Chrono Boost)  
  20  1:25  Cybernetics Core  
  21  1:29  Probe  
  22  1:37  Pylon  
  22  1:41  Probe  
  23  1:55  Probe  
  24  2:02  Stalker, Sentry  
  24  2:03  Warp Gate  
  24  2:07  Probe  
  29  2:13  Pylon  
  29  2:28  Stalker  
  31  2:32  Stalker  
  33  2:55  Nexus  
  33  3:02  Shield Battery  
  33  3:03  Probe  
  34  3:08  Sentry  
  36  3:16  Probe  
  37  3:20  Twilight Council  
  37  3:28  Probe  
  37  3:32  Pylon  
  38  3:39  Shield Battery  
  38  3:40  Probe  
  39  3:45  Shield Battery  
  39  3:53  Pylon  
  39  3:58  Blink (Chrono Boost)  
  39  4:07  Stalker x2, Probe  
  44  4:11  Probe  
  44  4:14  Forge  
  45  4:23  Probe  
  46  4:34  Stalker  
  46  4:35  Probe x2  
  47  4:43  Protoss Ground Weapons Level 1 (Chrono Boost)  
  47  4:47  Probe x2 (Chrono Boost)  
  49  4:59  Probe x2 (Chrono Boost)  
  51  5:04  Probe x2 (Chrono Boost)  
  51  5:05  Stalker  
  55  5:14  Probe (Chrono Boost)  
  57  5:17  Stalker, Pylon  
  57  5:19  Probe (Chrono Boost)  
  59  5:23  Probe (Chrono Boost)  
  59  5:27  Assimilator, Probe (Chrono Boost)  
  59  5:28  Probe (Chrono Boost)  
  62  5:37  Probe  
  62  5:40  Probe  
  62  5:41  Stalker x2  
  68  5:49  Probe  
  69  5:52  Shield Battery, Probe  
  70  5:59  Nexus  
  70  6:01  Pylon  
  70  6:10  Gateway x2  
  70  6:19  Robotics Facility, Probe x2  
  70  6:22  Sentry  
  74  6:30  Photon Cannon  
  74  6:31  Probe x2  
  76  6:33  Protoss Ground Weapons Level 2 (Chrono Boost)  
  76  6:37  Phoenix  
  76  6:42  Stalker  
  76  6:44  Pylon  
  76  6:46  Shield Battery  
  78  6:52  Photon Cannon  
  78  6:54  Charge  
  78  7:02  Probe x2  
  78  7:06  Stalker x2  
  78  7:08  Observer  
  85  7:13  Probe  
  85  7:14  Probe x2  
  88  7:17  Gateway  
  88  7:22  Gateway  
  88  7:24  Pylon  
  88  7:25  Probe  
  88  7:26  Probe  
  91  7:31  Stalker  
  91  7:34  Stalker  
  95  7:40  Nexus  
  95  7:44  Pylon  
  94  7:46  Stalker  
  96  7:51  Dark Shrine  
  96  7:52  Observer  
  97  8:01  Stalker, Gateway  
  97  8:02  Gateway  
  97  8:04  Stalker  
  101  8:07  Probe x2  
  101  8:08  Probe  
  104  8:15  Photon Cannon  
  104  8:19  Probe x2  
  106  8:22  Stalker x2  
  106  8:24  Protoss Ground Weapons Level 3 (Chrono Boost)  
  106  8:25  Shield Battery  
  110  8:30  Zealot x2  
  114  8:37  Zealot  
  114  8:41  Pylon  
  116  8:44  Pylon  
  116  8:50  Probe  
  116  8:52  Probe x2  
  116  8:55  Pylon, Probe  
  120  9:04  Stalker x2  
  120  9:05  Stalker x4  
  132  9:19  Probe x2  
  134  9:26  Probe x2  
  134  9:27  Nexus  
  134  9:29  Pylon  
  136  9:32  Shadow Stride (Chrono Boost)  
  136  9:34  Zealot x4  
  136  9:35  Pylon, Zealot x2  
  147  9:42  Assimilator  
  147  9:43  Assimilator  
  148  9:45  Probe  
  148  9:47  Probe  
  148  9:50  Zealot  
  148  9:51  Probe  
  152  9:55  Photon Cannon  
  152  9:56  Probe  
  152  9:58  Zealot  
  155  10:00  Zealot x4  
  155  10:02  Probe  
  155  10:05  Pylon  
  155  10:06  Pylon  
  164  10:09  Photon Cannon  
  164  10:10  Shield Battery  
  164  10:22  Pylon  
  164  10:23  Dark Templar x3, Observer  
  164  10:24  Zealot  
  164  10:25  Zealot x2  
  177  10:29  Zealot  
  177  10:35  Probe  
  176  10:37  Pylon  
  176  10:42  Photon Cannon  
  176  10:44  Observer, Shield Battery, Probe x2  
  176  10:46  Photon Cannon  
  176  10:47  Photon Cannon  
  176  10:48  Protoss Ground Armor Level 1 (Chrono Boost)  
  166  10:57  Probe  
  166  11:01  Dark Templar x2  
  166  11:02  Dark Templar, Zealot x5  
  184  11:04  Probe x2  
  184  11:06  Unknown, Observer  
  184  11:10  Probe  
  184  11:11  Probe x2  
  189  11:16  Gateway  
  189  11:17  Gateway  
  189  11:22  Robotics Bay  
  189  11:27  Observer  
  168  11:42  Stalker x7  
  168  11:45  Zealot  
  168  11:46  Observer  
  185  11:56  Gateway  
  185  11:57  Gateway  
  185  11:59  Pylon  
  185  12:01  Observer  
  186  12:09  Photon Cannon  
  186  12:11  Photon Cannon  
  186  12:14  Shield Battery  
  184  12:19  Zealot x9  
  186  12:35  Dark Templar  
  186  12:36  Observer  
  180  12:45  Zealot  
  180  12:46  Zealot  
  180  12:47  Zealot x5  
  180  12:48  Zealot x2  
  198  12:58  Observer  
  199  13:05  Nexus  
  199  13:15  Nexus  
  199  13:16  Pylon, Gravitic Boosters (Chrono Boost)  
  199  13:17  Photon Cannon  
  199  13:18  Photon Cannon  
  199  13:20  Photon Cannon  
  199  13:21  Shield Battery  
  199  13:22  Observer  
  199  13:23  Pylon  
  199  13:24  Pylon  
  200  13:29  Pylon  
  196  13:54  Stalker x2  
  196  13:55  Protoss Shields Level 1 (Chrono Boost)  
  200  14:01  Forge  
  200  14:03  Gravitic Drive (Chrono Boost)  
  200  14:06  Photon Cannon  
  200  14:08  Photon Cannon  
  200  14:09  Photon Cannon  
  200  14:11  Photon Cannon  
  200  14:12  Photon Cannon  
  200  14:14  Photon Cannon  
  200  14:17  Shield Battery  
  200  14:19  Shield Battery  
  200  14:20  Pylon  
  200  14:21  Shield Battery  
  200  14:22  Robotics Facility  
  200  14:23  Robotics Facility  
  200  14:24  Pylon  
  196  14:34  Stalker x3  
  195  14:47  Observer  
  195  14:52  Zealot x8  
  194  15:05  Zealot x4  
  182  15:08  Disruptor  
  162  15:20  Stalker x6  
  162  15:21  Stalker x2  
  159  15:22  Probe x4  
  149  15:34  Nexus, Probe x3  
  152  15:38  Protoss Ground Armor Level 2 (Chrono Boost)  
  146  15:44  Disruptor (Chrono Boost)  
  146  15:49  Zealot x6  
  159  15:53  Probe  
  156  15:57  Observer x2 (Chrono Boost)  
  156  16:01  Probe x2  
  156  16:02  Probe  
  156  16:04  Photon Cannon  
  159  16:06  Photon Cannon  
  159  16:07  Photon Cannon  
  159  16:08  Protoss Shields Level 2 (Chrono Boost)  
  159  16:09  Photon Cannon  
  159  16:10  Assimilator, Photon Cannon  
  159  16:11  Assimilator  
  159  16:12  Pylon  
  159  16:13  Pylon  
  159  16:15  Pylon  
  159  16:17  Disruptor (Chrono Boost)  
  162  16:20  Dark Shrine  
  162  16:27  Zealot x11  
  162  16:28  Disruptor (Chrono Boost)  
  162  16:29  Zealot  
  162  16:30  Disruptor (Chrono Boost)  
  189  16:48  Observer (Chrono Boost)  
  153  16:56  Disruptor  
  153  16:58  Stalker x3  
  153  16:59  Stalker x8  
  153  17:00  Stalker  
  156  17:18  Disruptor (Chrono Boost)  
  141  17:24  Stalker x8  
  141  17:26  Stalker  
  152  17:31  Probe x2  
  152  17:32  Probe x2  
  154  17:38  Observer (Chrono Boost)  
  154  17:43  Observer (Chrono Boost), Probe  
  153  17:45  Stalker x3  
  158  17:53  Probe  
  158  17:55  Probe  
  158  17:56  Observer (Chrono Boost), Probe  
  163  17:58  Observer (Chrono Boost)  
  163  17:59  Zealot x6  
  163  18:00  Zealot x3  
  158  18:22  Zealot x8  
  158  18:23  Zealot x4  
  158  18:24  Probe  
  182  18:29  Protoss Ground Armor Level 3 (Chrono Boost), Probe x2  
  184  18:40  Nexus  
  184  18:43  Observer (Chrono Boost)  
  186  18:50  Observer (Chrono Boost)  
  182  19:01  Zealot x10  
  150  19:36  Stalker x9  
  150  19:37  Stalker x3  
  150  19:38  Probe x3  
  142  19:40  Pylon, Probe x2  
  145  19:50  Pylon, Probe  
  146  19:54  Assimilator  
  146  19:55  Assimilator  
  146  19:58  Photon Cannon x2  
  146  19:59  Shield Battery  
  146  20:00  Stalker x4  
  146  20:01  Stalker x2, Pylon  
  156  20:19  Observer  
  154  20:28  Stalker x7  
  157  20:29  Stalker, Zealot  
  157  20:30  Zealot x3  
  174  20:42  Disruptor  
  160  20:53  Zealot x10  
  174  21:04  Observer  
  174  21:05  Nexus  
  174  21:10  Observer  
  168  21:38  Zealot x6  
  168  21:39  Zealot x2  
  180  21:44  Observer  
  180  21:45  Observer  
  182  22:01  Zealot x10  
  185  22:05  Observer  
  198  22:18  Observer  
  185  22:35  Photon Cannon  
  185  22:38  Photon Cannon  
  185  22:39  Photon Cannon  
  185  22:42  Photon Cannon, Probe  
  185  22:43  Photon Cannon  
  186  22:44  Shield Battery  
  186  22:46  Shield Battery  
  186  22:50  Pylon  
  184  22:54  Pylon  
  184  22:56  Dark Templar x5  
  184  22:57  Pylon  
  194  22:58  Stalker, Disruptor  
Show
View Real Time Build Order
Export as new Build Order

LiquidMaNa Protoss 

Build Orders: Oracle Opening 

Get SALT Encoding   

  12  0:00  Probe  
  13  0:12  Probe  
  14  0:17  Pylon  
  14  0:24  Probe (Chrono Boost)  
  15  0:36  Probe (Chrono Boost)  
  15  0:38  Gateway  
  16  0:45  Probe (Chrono Boost)  
  16  0:46  Assimilator  
  17  0:51  Probe  
  18  1:03  Probe (Chrono Boost)  
  19  1:04  Assimilator  
  19  1:12  Gateway, Probe (Chrono Boost)  
  19  1:17  Probe (Chrono Boost)  
  20  1:25  Cybernetics Core  
  21  1:29  Probe  
  22  1:36  Pylon  
  22  1:41  Probe  
  23  1:54  Probe  
  23  2:01  Warp Gate, Adept x2  
  26  2:06  Probe  
  29  2:17  Pylon  
  29  2:27  Stargate  
  29  2:35  Adept x2  
  32  3:02  Nexus  
  32  3:04  Probe  
  33  3:11  Oracle (Chrono Boost)  
  33  3:17  Probe  
  37  3:24  Pylon  
  37  3:29  Probe  
  38  3:41  Probe  
  39  3:47  Twilight Council  
  39  3:50  Sentry x2  
  39  3:53  Probe  
  44  4:05  Probe  
  44  4:06  Forge  
  45  4:13  Probe  
  46  4:17  Probe  
  46  4:24  Stalker x2  
  49  4:26  Probe  
  49  4:29  Probe  
  53  4:32  Blink (Chrono Boost)  
  53  4:35  Protoss Ground Weapons Level 1 (Chrono Boost)  
  49  4:39  Phoenix  
  49  4:43  Probe x2  
  47  4:53  Shield Battery  
  47  4:55  Gateway, Probe  
  47  4:59  Gateway  
  49  5:00  Probe  
  49  5:06  Stalker  
  51  5:08  Stalker  
  51  5:10  Probe  
  51  5:13  Probe  
  55  5:17  Assimilator  
  55  5:20  Assimilator  
  55  5:23  Probe  
  55  5:25  Probe  
  55  5:26  Pylon  
  57  5:33  Pylon  
  57  5:35  Probe  
  58  5:37  Probe  
  59  5:48  Nexus  
  59  5:50  Stalker  
  59  5:54  Stalker  
  59  5:56  Probe  
  64  5:58  Probe  
  65  6:05  Robotics Facility  
  65  6:06  Phoenix  
  65  6:09  Probe (Chrono Boost)  
  67  6:13  Probe (Chrono Boost)  
  67  6:19  Pylon  
  67  6:21  Probe (Chrono Boost)  
  67  6:25  Dark Shrine  
  69  6:26  Probe (Chrono Boost), Sentry  
  69  6:27  Probe (Chrono Boost)  
  69  6:31  Stalker, Protoss Ground Weapons Level 2 (Chrono Boost)  
  74  6:34  Probe  
  74  6:35  Probe  
  76  6:46  Stalker, Pylon, Probe  
  79  6:47  Probe  
  80  6:56  Pylon  
  80  6:57  Observer  
  80  6:59  Probe (Chrono Boost)  
  80  7:00  Probe (Chrono Boost)  
  83  7:04  Probe (Chrono Boost)  
  84  7:08  Photon Cannon  
  84  7:10  Stalker  
  84  7:11  Stalker, Probe x2 (Chrono Boost)  
  84  7:14  Probe (Chrono Boost)  
  91  7:16  Probe x2 (Chrono Boost)  
  91  7:19  Probe (Chrono Boost)  
  91  7:22  Gateway  
  94  7:26  Charge  
  94  7:27  Probe  
  94  7:28  Gateway  
  95  7:38  Probe  
  95  7:39  Probe  
  95  7:43  Stalker x4  
  105  7:49  Gateway  
  105  7:50  Gateway  
  105  7:51  Gateway  
  105  8:00  Shield Battery  
  105  8:02  Robotics Bay  
  105  8:03  Shield Battery  
  105  8:10  Stalker x4  
  113  8:16  Immortal  
  117  8:23  Assimilator  
  117  8:24  Assimilator  
  117  8:26  Robotics Facility  
  117  8:28  Pylon  
  117  8:31  Photon Cannon  
  117  8:42  Pylon  
  117  8:44  Pylon  
  117  8:45  Pylon  
  117  8:46  Probe x2  
  117  8:48  Nexus  
  119  8:49  Protoss Ground Weapons Level 3 (Chrono Boost)  
  119  8:57  Disruptor (Chrono Boost)  
  119  9:01  Gravitic Boosters  
  119  9:02  Probe x2  
  124  9:03  Probe  
  125  9:10  Pylon  
  125  9:13  Disruptor (Chrono Boost)  
  125  9:14  Probe x2  
  125  9:15  Probe  
  131  9:28  Photon Cannon  
  131  9:29  Disruptor (Chrono Boost)  
  131  9:31  Shield Battery  
  134  9:34  Photon Cannon  
  134  9:40  Disruptor (Chrono Boost)  
  134  9:41  Shadow Stride  
  137  9:48  Photon Cannon  
  137  9:56  Photon Cannon  
  137  9:58  Pylon  
  137  9:59  Pylon  
  137  10:00  Disruptor (Chrono Boost)  
  137  10:01  Pylon  
  137  10:05  Assimilator, Stalker x5  
  150  10:08  Assimilator  
  150  10:09  Probe  
  150  10:10  Disruptor (Chrono Boost), Probe x2  
  156  10:25  Pylon  
  156  10:28  Disruptor (Chrono Boost)  
  159  10:39  Disruptor  
  159  10:41  Dark Templar x2, Zealot x6  
  172  10:58  Probe x2  
  172  11:03  Disruptor  
  177  11:04  Stalker x4  
  185  11:12  Nexus  
  185  11:14  Pylon  
  185  11:18  Dark Templar x3  
  180  11:41  Disruptor (Chrono Boost)  
  180  11:42  Stalker x5, Disruptor (Chrono Boost)  
  196  11:53  Photon Cannon, Protoss Shields Level 1 (Chrono Boost)  
  196  12:02  Nexus  
  196  12:04  Photon Cannon  
  196  12:05  Photon Cannon, Pylon  
  196  12:06  Photon Cannon  
  196  12:19  Observer  
  196  12:22  Dark Templar x3  
  181  12:46  Observer  
  181  12:50  Stalker x5  
  191  12:57  Observer  
  192  12:58  Nexus  
  192  13:02  Photon Cannon  
  192  13:04  Photon Cannon  
  193  13:05  Photon Cannon  
  193  13:06  Observer  
  193  13:07  Shield Battery  
  193  13:12  Dark Templar x2  
  193  13:13  Dark Templar  
  193  13:16  Dark Templar  
  200  13:20  Archon  
  200  13:21  Archon  
  200  13:35  Assimilator  
  200  13:40  Assimilator  
  190  13:53  Dark Templar x5  
  200  14:09  Photon Cannon, Nexus  
  200  14:14  Photon Cannon  
  200  14:15  Photon Cannon  
  200  14:22  Photon Cannon  
  199  14:34  Nexus  
  199  14:48  Pylon  
  193  14:56  Dark Templar x5  
  186  15:11  Dark Templar x3  
  178  15:31  Stalker x5  
  185  15:35  Pylon  
  185  15:41  Disruptor x2 (Chrono Boost)  
  177  15:45  Stalker x3  
  172  15:52  Gateway  
  172  15:55  Gateway  
  166  15:58  Gateway x2  
  166  15:59  Stalker x5, Gateway  
  166  16:00  Photon Cannon  
  166  16:01  Photon Cannon  
  176  16:11  Disruptor x2 (Chrono Boost)  
  176  16:17  Archon x3  
  182  16:18  Dark Templar x2, Zealot  
  182  16:21  Nexus  
  182  16:24  Zealot x5  
  198  16:34  Photon Cannon  
  198  16:37  Assimilator  
  198  16:39  Protoss Shields Level 2  
  198  16:43  Observer x2  
  169  16:56  Dark Templar x5  
  169  17:04  Disruptor  
  169  17:05  Disruptor  
  153  17:18  Stalker x4  
  153  17:19  Stalker x4  
  152  17:24  Dark Templar x6  
  139  17:46  Stalker x7  
  149  18:03  Dark Templar x3, Zealot  
  128  18:22  Dark Templar x3  
  128  18:24  Zealot x2  
  128  18:25  Zealot x5  
  131  18:37  Stalker x6  
  143  18:45  Pylon  
  143  18:46  Probe x3  
  138  18:59  Stalker x5  
  141  19:20  Dark Templar  
  141  19:21  Dark Templar x2  
  127  19:38  Stalker x4  
  127  19:43  Probe x3  
  138  19:46  Probe  
  138  19:47  Observer x2  
  141  19:55  Probe x3  
  144  20:09  Disruptor  
  145  20:22  Disruptor  
  133  20:30  Stalker x4  
  120  20:45  Disruptor  
  108  20:59  Disruptor  
  108  21:03  Nexus  
  111  21:19  Probe x3  
  111  21:21  Observer  
  111  21:22  Pylon  
  114  21:36  Observer  
  113  21:48  Stalker x6  
  96  22:02  Stalker x2  
  96  22:05  Stalker  
  102  22:13  Probe x3  
  105  22:22  Observer  
  104  22:31  Stalker  
  106  22:37  Dark Templar x3  
  106  22:40  Probe x2  
  106  22:41  Probe  
  115  22:50  Stalker x2  
  119  23:00  Shield Battery  
  117  23:18  Stalker x5  
Tags
 
Add a new tag
Caveats
  • Supply blocks, unpowered buildings, or Contaminate may cause inaccurate times.
  • Supply counts are checked every 10 seconds.